 Dungeon Crawl Stone Soup version 0.24-a0-280-g7cec4da (webtiles) character file.

Game seed: 625231408469796528

6 CanOfBees the Caller (level 1, 0/11 HPs)
             Began as a Tengu Summoner on May 13, 2019.
             Slain by a jackal (2 damage)
             ... on level 1 of the Dungeon.
             The game lasted 00:00:57 (358 turns).

CanOfBees the Caller (Tengu Summoner)                Turns: 358, Time: 00:00:57

Health: 0/11       AC:  2    Str:  8    XL:     1   Next: 90%
Magic:  1/4        EV: 13    Int: 15    God:
Gold:   0          SH:  0    Dex: 14    Spells: 3/4 levels left

rFire    . . .     SeeInvis .   (no weapon)
rCold    . . .     Gourm    .   (no shield)
rNeg     . . .     Faith    .   a - +0 robe
rPois    .         Spirit   .   (helmet restricted)
rElec    .         Reflect  .   (no cloak)
rCorr    .         Harm     .   (no gloves)
MR       .....                  (boots unavailable)
Stlth    ++........             (no amulet)
HPRegen  0.03/turn              (no ring)
MPRegen  0.09/turn              (no ring)

@: no status effects
A: beak, talons 3
a: no special abilities


You were on level 1 of the Dungeon.
You were not hungry.

You visited 1 branch of the dungeon, and saw 1 of its levels.

Inventory:

Missiles
 f - 16 bolts
 g - a stone (quivered)
Armour
 a - a +0 robe (worn)
Scrolls
 d - 2 scrolls of remove curse {unknown}
Potions
 b - a potion of heal wounds {unknown}
 e - a potion of agility {unknown}
Comestibles
 c - a ration


   Skills:
 + Level 0.4 Fighting
 + Level 2.3 Dodging
 - Level 2.0 Stealth
 + Level 2.1 Spellcasting
 + Level 4.9 Summonings


You had 3 spell levels left.
You knew the following spells:

 Your Spells              Type           Power        Failure   Level  Hunger
a - Summon Small Mammal   Summ           ###.         3%          1    #......

Your spell library contained the following spells:

 Spells                   Type           Power        Failure   Level  Hunger
 Call Imp                 Summ           ###.....     4%          2    ###....
 Call Canine Familiar     Summ           ###.....     9%          3    ###....
 Summon Guardian Golem    Hex/Summ       #.......     24%         3    ###....
 Summon Ice Beast         Ice/Summ       #.......     61%         4    #####..
 Summon Lightning Spire   Summ/Air       #.......     61%         4    #####..


Dungeon Overview and Level Annotations

Branches:
Dungeon (1/15)

Altars:


Innate Abilities, Weirdness & Mutations

You have a beak for a mouth.
You have claws for feet.


Message History

Your quokka bites the jackal.
Things that are here:
a +0 dagger; a goblin corpse Your quokka barely misses the jackal.
Casting: Summon Small Mammal (safe; 3% risk of failure)
Confirm with . or Enter, or press ? or * to list all spells.
The jackal bites you but does no damage.
Your quokka bites the jackal.
The jackal bites you.
* * * LOW HITPOINT WARNING * * *
Your quokka misses the jackal.
You swap places.
Your bat hits the jackal but does no damage.
Your quokka disappears in a puff of smoke!
Your bat hits the jackal but does no damage.
The jackal closely misses you.
Casting: Summon Small Mammal (safe; 3% risk of failure)
Confirm with . or Enter, or press ? or * to list all spells.
Your bat barely misses the jackal.
Your bat closely misses the jackal.
The jackal bites you.
You die...

♣♣♣....P♣.♣ #########
♣....⌠.♣♣.♣
#.......##♣.♣.....♣.♣
#.....#♣.♣P♣P....♣
#.##..#♣.♣♣♣♣♣...♣
#.....'.........<♣
#.#...#♣♣♣♣♣♣♣♣♣♣♣
#.##.#.b.# #.....@..#
######h##########
###b####.....#
#....).#.....###
#.#.##.#........
##.#.##†#...?.#
#....##.#.....#####.
#..##.......$.......
#.. #.#.###..####.#.


You could see a jackal and 2 friendly bats.

Vanquished Creatures
  A leopard gecko (D:1)
  A rat (D:1)
2 creatures vanquished.

Vanquished Creatures (collateral kills)
  A giant cockroach (D:1)
  A goblin (D:1)
  A jackal (D:1)
  A ball python (D:1)
  A kobold (D:1)
5 creatures vanquished.

Grand Total: 7 creatures vanquished

Notes
Turn   | Place    | Note
-------+----------+-------------------------------------------
     0 | D:1      | CanOfBees the Tengu Summoner began the quest for the Orb.
     0 | D:1      | Reached XP level 1. HP: 10/10 MP: 4/4
   358 | D:1      | Slain by a jackal

Levels and vault maps discovered:
D:1:      psy_arrival_fountain, layout_loops_cross

Action                   || total
-------------------------++-------
Melee: Unarmed           ||     9
       Peck              ||     1
Throw: Stone             ||     1
 Cast: Summon Small Mamm ||    10
Armor: Robe              ||     3
Dodge: Dodged            ||    18

Table legend:
 A = Non-vault XP
 B = Vault XP
 C = Vault XP percentage of total XP
 D = Non-vault monster count
 E = Vault monster count
 F = Vault count percentage of total count
                 A         B        C        D         E       F
            +---------+---------+-------+---------+---------+-------
      Total |       9 |       0 |   0.0 |       7 |       0 |   0.0
            +---------+---------+-------+---------+---------+-------
        D:1 |       9 |       0 |   0.0 |       7 |       0 |   0.0
            +---------+---------+-------+---------+---------+-------
